PL
ATHLETIC CLUB KC @ OAKLAND OAKS
10/04/2027
 
TOP OF THE 1ST
Athletic Club KC batting - Pitching for Oakland Oaks : RHP Matt Webber
Pitching: RHP Matt Webber
Batting: RHB Pil-joong Pak 0-0: Called Strike
0-1: Ball
1-1: Foul Ball, location: 2F
1-2: Strikes out looking
Batting: RHB Dong-min Cho 0-0: Swinging Strike
0-1: Ground out 5-3 (Groundball, 56)
Batting: RHB David Edwards 0-0: Foul Ball, location: 2F
0-1: Ball
1-1: Foul Ball, location: 2F
1-2: Foul Ball, location: 2F
1-2: Foul Ball, location: 2F
1-2: Foul Ball, location: 2F
1-2: Strikes out looking
Top of the 1st over - 0 run(s), 0 hit(s), 0 error(s), 0 left on base; Athletic Club KC 0 - Oakland 0
BOTTOM OF THE 1ST
Oakland Oaks batting - Pitching for Athletic Club KC : LHP Bill Oulton
Pitching: LHP Bill Oulton
Batting: RHB Micah Coffey 0-0: Ground out 4-3 (Groundball, 4MD)
Batting: LHB Edwin Church 0-0: Ball
1-0: Called Strike
1-1: Called Strike
1-2: Strikes out swinging
Batting: LHB Jorge Vargas 0-0: Called Strike
0-1: Ball
1-1: Ball
2-1: Called Strike
2-2: Strikes out swinging
Bottom of the 1st over - 0 run(s), 0 hit(s), 0 error(s), 0 left on base; Athletic Club KC 0 - Oakland 0
TOP OF THE 2ND
Athletic Club KC batting - Pitching for Oakland Oaks : RHP Matt Webber
Batting: SHB Pedro Vázquez 0-0: Called Strike
0-1: Called Strike
0-2: Ball
1-2: Foul Ball, location: 2F
1-2: Strikes out swinging
Batting: RHB Todd Blake 0-0: Ball
1-0: Foul Ball, location: 2F
1-1: Called Strike
1-2: Strikes out swinging
Batting: LHB Michael Neely 0-0: Ball
1-0: Fly out, F8 (Line Drive, 8RM)
Top of the 2nd over - 0 run(s), 0 hit(s), 0 error(s), 0 left on base; Athletic Club KC 0 - Oakland 0
BOTTOM OF THE 2ND
Oakland Oaks batting - Pitching for Athletic Club KC : LHP Bill Oulton
Batting: LHB Todd Henry 0-0: Ball
1-0: Foul Ball, location: 2F
1-1: Ball
2-1: Ball
3-1: Base on Balls
Batting: SHB Luis Luquín 0-0: Ball
1-0: Called Strike
1-1: Grounds into double play, 4-6-3 (Groundball, 4)
Batting: RHB Manuel Rodríguez 0-0: Ball
1-0: Ground out 6-3 (Groundball, 6)
Bottom of the 2nd over - 0 run(s), 0 hit(s), 0 error(s), 0 left on base; Athletic Club KC 0 - Oakland 0
TOP OF THE 3RD
Athletic Club KC batting - Pitching for Oakland Oaks : RHP Matt Webber
Batting: SHB Eric Moore 0-0: Foul Ball, location: 2F
0-1: Foul Ball, location: 2F
0-2: Ground out 3-1 (Groundball, 34)
Batting: RHB Allen Williams 0-0: Foul Ball, location: 2F
0-1: Swinging Strike
0-2: Hit by Pitch
Batting: RHB Rick Atkinson 0-0: Ball
1-0: Reached on error, E5 (Groundball, 5)
Allen Williams to second
Batting: RHB Pil-joong Pak 0-0: Foul Ball, location: 2F
0-1: Ball
1-1: Grounds into double play, U5-3 (Groundball, 5L)
Top of the 3rd over - 0 run(s), 0 hit(s), 1 error(s), 1 left on base; Athletic Club KC 0 - Oakland 0
BOTTOM OF THE 3RD
Oakland Oaks batting - Pitching for Athletic Club KC : LHP Bill Oulton
Batting: RHB Simon Yusaf Khel 0-0: Foul Ball, location: 2F
0-1: Ball
1-1: Foul Ball, location: 2F
1-2: Ball
2-2: Strikes out looking
Batting: LHB David Holbrook 0-0: Ball
1-0: Fly out, F9 (Flyball, 9S)
Batting: SHB Orlando Villa 0-0: Called Strike
0-1: Foul Ball, location: 2F
0-2: Ball
1-2: SINGLE (Line Drive, 4)
Batting: RHB Micah Coffey 0-0: Ball
1-0: Called Strike
1-1: Ball
2-1: Swinging Strike
2-2: Strikes out looking
Bottom of the 3rd over - 0 run(s), 1 hit(s), 0 error(s), 1 left on base; Athletic Club KC 0 - Oakland 0
TOP OF THE 4TH
Athletic Club KC batting - Pitching for Oakland Oaks : RHP Matt Webber
Batting: RHB Dong-min Cho 0-0: Ball
1-0: Ball
2-0: Ball
3-0: Base on Balls
Batting: RHB David Edwards 0-0: Called Strike
0-1: Ball
1-1: Ball
2-1: 2-RUN HOME RUN (Flyball, 7LD), Distance : 368 ft
Batting: SHB Pedro Vázquez 0-0: Ball
1-0: SINGLE (Line Drive, 8RS)
Batting: RHB Todd Blake 0-0: Called Strike
0-1: Ball
1-1: Ball
2-1: Foul Ball, location: 2F
2-2: Strikes out swinging
Batting: LHB Michael Neely 0-0: Called Strike
0-1: Called Strike
0-2: Ball
1-2: Ball
2-2: Foul Ball, location: 2F
2-2: Fly out, F8 (Flyball, 8LD)
Runner from 1st tags up, SAFE at 2nd
Batting: SHB Eric Moore 0-0: Called Strike
0-1: Foul Ball, location: 2F
0-2: Ball
1-2: Ball
2-2: Ground out U3 (Groundball, 34)
Top of the 4th over - 2 run(s), 2 hit(s), 0 error(s), 1 left on base; Athletic Club KC 2 - Oakland 0
BOTTOM OF THE 4TH
Oakland Oaks batting - Pitching for Athletic Club KC : LHP Bill Oulton
Batting: LHB Edwin Church 0-0: Ball
1-0: Ball
2-0: Ball
3-0: Called Strike
3-1: Ground out 4-3 (Groundball, 4)
Batting: LHB Jorge Vargas 0-0: Ball
1-0: Ball
2-0: Called Strike
2-1: Ball
3-1: Base on Balls
Batting: LHB Todd Henry 0-0: Called Strike
0-1: Called Strike
0-2: Ball
1-2: Foul Ball, location: 2F
1-2: Ball
2-2: Fly out, F7 (Flyball, 78D)
Batting: SHB Luis Luquín 0-0: Called Strike
0-1: Ball
1-1: Foul Ball, location: 2F
1-2: Fielders Choice at 2nd, 6-4 (Groundball, 56)
Bottom of the 4th over - 0 run(s), 0 hit(s), 0 error(s), 0 left on base; Athletic Club KC 2 - Oakland 0
TOP OF THE 5TH
Athletic Club KC batting - Pitching for Oakland Oaks : RHP Matt Webber
Batting: RHB Allen Williams 0-0: Foul Ball, location: 2F
0-1: Foul Ball, location: 2F
0-2: Strikes out swinging
Batting: RHB Rick Atkinson 0-0: Ball
1-0: Foul Ball, location: 2F
1-1: Foul Ball, location: 2F
1-2: Ball
2-2: Ball
3-2: Fly out, F7 (Flyball, 7)
Batting: RHB Pil-joong Pak 0-0: Called Strike
0-1: Bunt for hit - play at first, batter safe!
Batting: RHB Dong-min Cho 0-0: Called Strike
0-1: Called Strike
0-2: Foul Ball, location: 2F
0-2: Ball
1-2: Fielders Choice at 2nd, 6-4 (Groundball, 6)
Top of the 5th over - 0 run(s), 1 hit(s), 0 error(s), 0 left on base; Athletic Club KC 2 - Oakland 0
BOTTOM OF THE 5TH
Oakland Oaks batting - Pitching for Athletic Club KC : LHP Bill Oulton
Batting: RHB Manuel Rodríguez 0-0: Called Strike
0-1: DOUBLE (Line Drive, 7)
Batting: RHB Simon Yusaf Khel 0-0: Ball
1-0: Called Strike
1-1: Ball
2-1: Swinging Strike
2-2: Ball
3-2: Fly out, F5 (Flyball, 56D)
Batting: LHB David Holbrook 0-0: Swinging Strike
0-1: Ball
1-1: Swinging Strike
1-2: Foul Ball, location: 2F
1-2: Strikes out swinging
Batting: SHB Orlando Villa 0-0: Swinging Strike
0-1: Fly out, F8 (Line Drive, 89M)
Bottom of the 5th over - 0 run(s), 1 hit(s), 0 error(s), 1 left on base; Athletic Club KC 2 - Oakland 0
TOP OF THE 6TH
Athletic Club KC batting - Pitching for Oakland Oaks : RHP Matt Webber
Batting: RHB David Edwards 0-0: Foul Ball, location: 2F
0-1: Ball
1-1: Ball
2-1: Ball
3-1: Base on Balls
Batting: SHB Pedro Vázquez 0-0: Ball
1-0: Ball
2-0: SINGLE (Line Drive, 7S)
David Edwards to second
Batting: RHB Todd Blake 0-0: Ball
1-0: Called Strike
1-1: Ball
2-1: Called Strike
2-2: Strikes out swinging
Batting: LHB Michael Neely 0-0: Ball
1-0: Ball
2-0: Ball
3-0: Called Strike
3-1: Base on Balls
David Edwards to third
Pedro Vázquez to second
Batting: SHB Eric Moore 0-0: Ball
1-0: Ball
2-0: Called Strike
2-1: Ball
3-1: Foul Ball, location: 2F
3-2: SINGLE (Groundball, 4D)
David Edwards scores
Pedro Vázquez to third
Michael Neely to second
Runner from 3rd tries for Home, SAFE, no throw
Batting: RHB Allen Williams 0-0: Ball
1-0: Called Strike
1-1: Fly out, F5 (Line Drive, 56)
Batting: RHB Rick Atkinson 0-0: SINGLE (Groundball, 6MD)
Michael Neely to third
Eric Moore to second
Runner from 3rd tries for Home, SAFE, no throw
Pitching: RHP Mimosa Joseph
Batting: RHB Pil-joong Pak 0-0: Called Strike
0-1: Fly out, F2 (Popup, 5S)
Top of the 6th over - 3 run(s), 3 hit(s), 0 error(s), 2 left on base; Athletic Club KC 5 - Oakland 0
BOTTOM OF THE 6TH
Oakland Oaks batting - Pitching for Athletic Club KC : LHP Bill Oulton
Batting: RHB Micah Coffey 0-0: Ball
1-0: Called Strike
1-1: Foul Ball, location: 2F
1-2: Fly out, F8 (Line Drive, 8RM)
Batting: LHB Edwin Church 0-0: Called Strike
0-1: Fly out, F9 (Flyball, 89M)
Batting: LHB Jorge Vargas 0-0: Ball
1-0: Ball
2-0: Ball
3-0: Called Strike
3-1: Called Strike
3-2: Base on Balls
Batting: LHB Todd Henry 0-0: Ball
1-0: Ball
2-0: Ball
3-0: Called Strike
3-1: Base on Balls
Jorge Vargas to second
Batting: SHB Luis Luquín 0-0: Ball
1-0: Ball
2-0: Called Strike
2-1: Ball
3-1: Ground out 5-3 (Groundball, 56S)
Bottom of the 6th over - 0 run(s), 0 hit(s), 0 error(s), 2 left on base; Athletic Club KC 5 - Oakland 0
TOP OF THE 7TH
Athletic Club KC batting - Pitching for Oakland Oaks : RHP Mimosa Joseph
Batting: RHB Dong-min Cho 0-0: Ball
1-0: Called Strike
1-1: Foul Ball, location: 2F
1-2: Fly out, F6 (Line Drive, 6M)
Batting: RHB David Edwards 0-0: Called Strike
0-1: Foul Ball, location: 2F
0-2: Ball
1-2: Ball
2-2: SINGLE (Line Drive, 56D)
Batting: SHB Pedro Vázquez 0-0: Ground out 4-3 (Groundball, 34)
David Edwards to second
Batting: RHB Todd Blake 0-0: Ball
1-0: Ball
2-0: Ground out 5-3 (Groundball, 56)
Top of the 7th over - 0 run(s), 1 hit(s), 0 error(s), 1 left on base; Athletic Club KC 5 - Oakland 0
BOTTOM OF THE 7TH
Oakland Oaks batting - Pitching for Athletic Club KC : LHP Bill Oulton
Batting: RHB Manuel Rodríguez 0-0: SINGLE (Groundball, 25) (infield hit)
Batting: RHB Simon Yusaf Khel 0-0: Called Strike
0-1: Ball
Passed Ball!
Manuel Rodríguez to second
1-1: Ball
2-1: SINGLE (Groundball, 56D)
Manuel Rodríguez to third
Runner from 3rd tries for Home, SAFE, no throw
Batting: LHB David Holbrook 0-0: Swinging Strike
0-1: Ball
1-1: Ball
2-1: Foul Ball, location: 2F
2-2: SINGLE (Groundball, 25) (infield hit)
Simon Yusaf Khel to second
Batting: SHB Orlando Villa 0-0: Called Strike
0-1: Ball
1-1: Ball
2-1: Ball
3-1: Fielders Choice at 2nd, 6-4 (Groundball, 6)
Simon Yusaf Khel to third
Pitching: RHP Pedro Ramírez
Batting: RHB Micah Coffey 0-0: Ball
1-0: Called Strike
1-1: Ball
2-1: Ball
Orlando Villa steals 2nd base
3-1: Base on Balls
Batting: LHB Edwin Church 0-0: Foul Ball, location: 2F
0-1: Ball
1-1: Ball
2-1: Ball
3-1: Base on Balls
Simon Yusaf Khel scores
Orlando Villa to third
Micah Coffey to second
Batting: LHB Jorge Vargas 0-0: Ball
1-0: Ball
2-0: Called Strike
2-1: Ball
3-1: Called Strike
3-2: Foul Ball, location: 2F
3-2: Strikes out looking
Batting: LHB Todd Henry 0-0: Foul Ball, location: 2F
0-1: Called Strike
0-2: Ball
1-2: Ball
2-2: Strikes out swinging
Bottom of the 7th over - 2 run(s), 3 hit(s), 0 error(s), 3 left on base; Athletic Club KC 5 - Oakland 2
TOP OF THE 8TH
Athletic Club KC batting - Pitching for Oakland Oaks : RHP Mimosa Joseph
Batting: LHB Michael Neely 0-0: Foul Ball, location: 2F
0-1: Ball
1-1: SINGLE (Flyball, 8RS)
Batting: SHB Eric Moore 0-0: Ball
1-0: Bunted foul
1-1: Sac Bunt - play at second, runner OUT! 1-6
Batting: RHB Allen Williams 0-0: Ball
1-0: Called Strike
1-1: Called Strike
1-2: Ball
2-2: Foul Ball, location: 2F
2-2: Foul Ball, location: 2F
2-2: Fly out, F7 (Flyball, 7D)
Runner from 1st tags up, SAFE at 2nd
Batting: RHB Rick Atkinson 0-0: Foul Ball, location: 2F
0-1: Ball
1-1: Ball
2-1: Ground out 3-1 (Groundball, 34S)
Top of the 8th over - 0 run(s), 1 hit(s), 0 error(s), 1 left on base; Athletic Club KC 5 - Oakland 2
BOTTOM OF THE 8TH
Oakland Oaks batting - Pitching for Athletic Club KC : RHP Pedro Ramírez
Batting: SHB Luis Luquín 0-0: DOUBLE (Groundball, 3L)
Batting: RHB Manuel Rodríguez 0-0: Ball
1-0: Foul Ball, location: 2F
1-1: Reached on error, E5 (Groundball, 56)
Luis Luquín to third
Batting: RHB Simon Yusaf Khel 0-0: Ground out 5-3 (Groundball, 25)
Luis Luquín scores
Manuel Rodríguez to second
Pitching: LHP António Uribe
Batting: LHB David Holbrook 0-0: Called Strike
0-1: Called Strike
0-2: Strikes out swinging
Batting: SHB Orlando Villa 0-0: Ball
1-0: Ball
2-0: Ball
3-0: Base on Balls
Pitching: RHP Jason Hamilton
Batting: RHB Micah Coffey 0-0: Fly out, F8 (Line Drive, 8RD)
Bottom of the 8th over - 1 run(s), 1 hit(s), 1 error(s), 2 left on base; Athletic Club KC 5 - Oakland 3
TOP OF THE 9TH
Athletic Club KC batting - Pitching for Oakland Oaks : RHP Mimosa Joseph
Batting: RHB Pil-joong Pak 0-0: Ball
1-0: Foul Ball, location: 2F
1-1: Ground out 1-3 (Groundball, P)
Batting: RHB Dong-min Cho 0-0: Ball
1-0: Ball
2-0: Ground out 5-3 (Groundball, 5L)
Batting: RHB David Edwards 0-0: Foul Ball, location: 2F
0-1: Called Strike
0-2: Foul Ball, location: 2F
0-2: Foul Ball, location: 2F
0-2: Ball
1-2: Ball
2-2: Ground out 6-3 (Groundball, 6M)
Top of the 9th over - 0 run(s), 0 hit(s), 0 error(s), 0 left on base; Athletic Club KC 5 - Oakland 3
BOTTOM OF THE 9TH
Oakland Oaks batting - Pitching for Athletic Club KC : RHP Jason Hamilton
Pitching: RHP Jackson Haines
Batting: LHB Edwin Church 0-0: Ball
1-0: Called Strike
1-1: Called Strike
1-2: SOLO HOME RUN (Flyball, 89XD), Distance : 411 ft
Batting: LHB Jorge Vargas 0-0: Ball
1-0: Ball
2-0: Foul Ball, location: 2F
2-1: Foul Ball, location: 2F
2-2: Strikes out swinging
Batting: LHB Todd Henry 0-0: Called Strike
0-1: Ball
1-1: Called Strike
1-2: Strikes out swinging
Batting: SHB Luis Luquín 0-0: Called Strike
0-1: Ball
1-1: Swinging Strike
1-2: Ball
2-2: Ball
3-2: Base on Balls
Pinch Hitting: RHB Joe Phillips 0-0: Called Strike
0-1: Ball
1-1: Ball
2-1: Ball
3-1: Base on Balls
Luis Luquín to second
Batting: RHB Simon Yusaf Khel 0-0: Ball
1-0: Foul Ball, location: 2F
1-1: Ball
2-1: Ground out U3 (Groundball, 3)
Bottom of the 9th over - 1 run(s), 1 hit(s), 0 error(s), 2 left on base; Athletic Club KC 5 - Oakland 4
Saturday, May 26th, 2018 - OOTP Baseball 17.12 Build 75